 Dungeon Crawl Stone Soup version 0.21.0-3-g78d12a8 (webtiles) character file.

168 MTVSty1e the Ruffian (level 5, -1/45 HPs)
             Began as a Draconian Transmuter on Jan 12, 2018.
             Slain by a gnoll (6 damage)
             ... on level 3 of the Dungeon.
             The game lasted 00:04:40 (2063 turns).

MTVSty1e the Ruffian (Draconian Transmuter)         Turns: 2063, Time: 00:04:41

Health: -1/45      AC:  7    Str: 13    XL:     5   Next: 23%
Magic:  8/8        EV: 12    Int: 14    God:
Gold:   83         SH:  0    Dex: 11    Spells: 7/8 levels left

rFire    . . .     SeeInvis .     - Unarmed
rCold    . . .     Gourm    .   (no shield)
rNeg     . . .     Faith    .   (armour unavailable)
rPois    .         Spirit   .   (helmet restricted)
rElec    .         Reflect  .   (no cloak)
rCorr    .         Harm     .   f - +0 pair of gloves
MR       +....                  k - +0 pair of boots
Stlth    +.........             (no amulet)
HPRegen  0.15/turn              g - ring of protection from magic
MPRegen  0.11/turn              (no ring)

@: about to teleport, flying
A: unfitting armour, cold-blooded, AC +5
a: no special abilities


You were on level 3 of the Dungeon.
You were not hungry.

You visited 1 branch of the dungeon, and saw 3 of its levels.

You collected 83 gold pieces.

Inventory:

Missiles
 a - 34 arrows
Armour
 f - a +0 pair of gloves (worn)
 k - a +0 pair of boots (worn)
Jewellery
 e - an uncursed ring of see invisible {unknown}
 g - a ring of protection from magic (left hand)
 l - an uncursed amulet of harm
Wands
 n - a wand of disintegration (12)
 q - a wand of random effects (38)
 r - a wand of polymorph (7)
Scrolls
 d - a scroll of identify
 i - 2 scrolls of teleportation
Potions
 h - a potion of magic
Books
 b - a book of Changes

   Spells                             Type                      Level
   a - Beastly Appendage              Transmutation                1
   b - Sticks to Snakes               Transmutation                2
   c - Spider Form                    Transmutation/Poison         3
   d - Ice Form                       Ice/Transmutation            4
   e - Blade Hands                    Transmutation                5
Comestibles
 c - 2 rations


   Skills:
 + Level 3.2 Fighting
 - Level 1.7 Dodging
 * Level 5.2 Unarmed Combat
 - Level 2.0 Spellcasting
 + Level 2.0 Transmutations


You had 7 spell levels left.
You knew the following spells:

 Your Spells              Type           Power        Failure   Level  Hunger
a - Beastly Appendage     Tmut           #.....       11%         1    ##.....


Dungeon Overview and Level Annotations

Branches:
Dungeon (3/15)

Altars:


Innate Abilities, Weirdness & Mutations

Your plain brown scales are hard. (AC +5)
You cannot fit into any form of body armour.
You are cold-blooded and may be slowed by cold attacks.


Message History

You barely miss the gnoll. You headbutt the gnoll.
The gnoll is severely wounded.
The gnoll hits you.
* * * LOW HITPOINT WARNING * * *
The gnoll hits you from afar with a spear.
* * * LOW HITPOINT WARNING * * *
It was a potion of haste.
You feel yourself speed up.
The gnoll barely misses you. x2; The gnoll completely misses you.
It was a potion of cancellation.
Your magical effects are unravelling.
You feel magically purged.
Your horns disappear.
You feel yourself slow down. The gnoll barely misses you.
It was a potion of flight.
You feel very buoyant.
You fly up into the air.
The gnoll hits you but does no damage. The gnoll misses you. x2
As you read the scroll of teleportation, it crumbles to dust.
You feel strangely unstable. The gnoll hits you.
You die...

. ....#######
........g.#
....#####@# . ##g##
##g.[##
####.###.#########
.##.... #.........#
..g....###.#######.#
#>..#...## #.# ###
##.## #.# #.# #.#


You could see 3 gnolls.

Vanquished Creatures
  Terence (D:2)
  Natasha (thrice) (D:2)
  A gnoll (D:3)
  An adder (D:2)
  An ooze (D:1)
  2 dart slugs (D:1)
  A worm (D:3)
  A leopard gecko (D:2)
  10 bats
  3 giant cockroaches
  3 goblins
  4 hobgoblins
  A ball python (D:2)
  2 frilled lizards
  4 kobolds
  4 rats
42 creatures vanquished.

Notes
Turn   | Place    | Note
-------+----------+-------------------------------------------
     0 | D:1      | MTVSty1e the Draconian Transmuter began the quest for the Orb.
     0 | D:1      | Reached XP level 1. HP: 16/16 MP: 3/3
   267 | D:1      | Reached XP level 2. HP: 20/23 MP: 5/5
   808 | D:2      | Reached XP level 3. HP: 24/29 MP: 6/6
   813 | D:2      | Noticed Terence
   822 | D:2      | Killed Terence
   822 | D:2      | Reached skill level 4 in Unarmed Combat
  1029 | D:2      | Reached XP level 4. HP: 37/37 MP: 5/7
  1117 | D:2      | Noticed Natasha
  1135 | D:2      | Killed Natasha
  1376 | D:2      | Noticed Natasha
  1404 | D:2      | Killed Natasha
  1626 | D:2      | Noticed Natasha
  1635 | D:2      | Killed Natasha
  1635 | D:2      | Reached skill level 5 in Unarmed Combat
  1635 | D:2      | Reached XP level 5. HP: 45/45 MP: 6/8
  2063 | D:3      | Slain by a gnoll

Skill      XL: |  1  2  3  4 |
---------------+-------------+-----
Fighting       | 2 3 |  3.2
Unarmed Combat | 4 5 |  5.2
Dodging        | |  1.7
Spellcasting   | |  2.0
Transmutations | |  2.0

Action                   |  1- 3 |  4- 6 || total
-------------------------+-------+-------++-------
Melee: Unarmed           |    78 |    87 ||   165
       Tailslap          |    11 |     5 ||    16
       Kick              |     5 |       ||     5
       Headbutt          |     2 |     3 ||     5
 Cast: Beastly Appendage |     7 |     5 ||    12
  Use: Scroll            |       |    10 ||    10
       Potion            |       |     5 ||     5
 Stab: Sleeping          |     3 |     1 ||     4
  Eat: Ration            |       |     1 ||     1
       Chunk             |       |     1 ||     1
Armor: Skin              |    23 |    23 ||    46
Dodge: Dodged            |    47 |    69 ||   116
